 Dungeon Crawl Stone Soup version 0.31.0-9-g3a7656b989 (webtiles) character file.

Game seed: 16595115248269224162

25673 EnegeticOcto the Brawler (level 12, 135/138 HPs)
             Began as a Troll Monk on Jan 31, 2024.
             Was the Champion of Makhleb.
             Quit the game on level 11 of the Dungeon.
             The game lasted 00:09:13 (9697 turns).

EnegeticOcto the Brawler (Troll Monk)               Turns: 9697, Time: 00:09:13

Health: 135/138    AC: 17    Str: 26    XL:     12   Next: 91%
Magic:  15/15      EV: 13    Int:  5    God:    Makhleb [******]
Gold:   947        SH:  0    Dex: 21    Spells: 11/11 levels left

rFire   + .          .
                       - Unarmed
rCold   + . .        c - orb {light}
rNeg    . . .        O - +3 acid dragon scales of Spaghetti {*Slow rElec rF+ Will+ rCorr}
rPois   .            (helmet restricted)
rElec   +            y - +0 cloak
rCorr   +            (gloves unavailable)
SInv    .            (boots unavailable)
Will    +....        p - amulet of faith
Stlth   +            i - +6 ring of dexterity
HPRegen 1.23/turn    k - +4 ring of protection
MPRegen 0.14/turn

%: slow self (1%), faith
@: mildly poisoned (135 -> 134), glowing
A: large, unfitting armour, claws 3, regeneration 1, shaggy fur 1, tough skin 1,
cold resistance 1, robust 1, strong 1
a: Renounce Religion, Minor Destruction, Lesser Servant of Makhleb, Major
Destruction, Greater Servant of Makhleb


You were on level 11 of the Dungeon.
You worshipped Makhleb.
Makhleb was exalted by your worship.
You visited 1 branch of the dungeon, and saw 11 of its levels.
You also visited: Bailey.

You collected 2243 gold pieces.
You spent 1296 gold pieces at shops.

Inventory:

Missiles
 j - a throwing net {!f}
 R - 6 curare-tipped darts
Armour
 a - a +0 robe
 c - an orb of light (worn)
 u - a +2 robe of cold resistance
   (You found it on level 3 of the Dungeon)
 y - a +0 cloak (worn)
   (You found it on level 6 of the Dungeon)
 D - a scarf of resistance
   (You found it on level 5 of the Dungeon)
 O - the +3 acid dragon scales of Spaghetti (worn) {*Slow rElec rF+ Will+ rCorr}
   (You acquired it on level 10 of the Dungeon)

   rF+:       It protects you from fire.
   rElec:     It insulates you from electricity.
   Will+:     It increases your willpower.
   rCorr:     It protects you from acid and corrosion.
   *Slow:     It may slow you when you take damage.
Jewellery
 i - a +6 ring of dexterity (left claw)
   (You found it on level 1 of the Dungeon)
 k - a +4 ring of protection (right claw)
   (You found it on level 1 of the Dungeon)
 p - an amulet of faith (around neck)
   (You found it on level 2 of the Dungeon)
 A - a ring of fire
   (You found it on level 4 of the Dungeon)
 L - a ring of resist corrosion
   (You found it on level 8 of the Dungeon)
 Q - a ring of wizardry
   (You found it on level 10 of the Dungeon)
 S - a ring of ice
   (You found it on level 10 of the Dungeon)
Wands
 w - a wand of charming (11)
   (You took it off Ijyb on level 4 of the Dungeon)
 C - a wand of iceblast (10) {@v2}
   (You found it on level 5 of the Dungeon)
 K - a wand of polymorph (8)
   (You found it on level 8 of the Dungeon)
 M - a wand of flame (6) {@v4}
   (You took it off Maurice on level 9 of the Dungeon)
 N - a wand of mindburst (15)
   (You bought it in a shop on level 2 of the Dungeon)
Scrolls
 d - a scroll of revelation {@r5 !r}
 e - 3 scrolls of blinking {@r4}
 g - a scroll of enchant armour
 h - 3 scrolls of enchant weapon
 l - 2 scrolls of silence {!r}
 o - 7 scrolls of teleportation {@r3 !r}
 q - 2 scrolls of immolation
 B - a scroll of vulnerability
 E - 3 scrolls of fog {!r}
 I - 4 scrolls of identify {@r1}
 J - a scroll of amnesia
 P - a scroll of poison {unknown}
 T - a scroll of acquirement
Potions
 b - a potion of ambrosia
 f - 4 potions of attraction
 m - 2 potions of invisibility
 n - 4 potions of cancellation
 r - 9 potions of curing {@q1 !q}
 s - 2 potions of resistance
 t - 5 potions of haste {@q4 !q}
 v - 3 potions of enlightenment {unknown}
 x - 5 potions of heal wounds {@q2 !q}
 z - 4 potions of berserk rage
 F - 2 potions of lignification {@q6}
 G - 2 potions of mutation
 H - a potion of might {unknown}


   Skills:
 - Level 9.8 Fighting
 - Level 5.9 Armour
 - Level 6.3 Dodging
 - Level 15.0 Unarmed Combat
 - Level 5.6 Invocations
 + Level 3.3 Shapeshifting


You had 11 spell levels left.
You didn't know any spells.
Your spell library contained the following spells:

 Spells                   Type           Power      Damage    Failure   Level
 Magic Dart               Conj           0%         1d3       54%         1
 Blink                    Tloc           0%         N/A       67%         2
 Call Imp                 Summ           0%         N/A       67%         2
 Searing Ray              Conj           0%         2d4       67%         2
 Sublimation of Blood     Necr           0%         N/A       67%         2
 Stone Arrow              Conj/Erth      0%         3d7       88%         3
 Animate Armour           Summ/Erth      0%         N/A       99%         4
 Fulminant Prism          Conj/Alch      0%         3d5       99%         4
 Leda's Liquefaction      Alch/Erth      0%         N/A       99%         4
 Lee's Rapid Deconstruct  Erth           0%         3d4*      100%        5
 Bombard                  Conj/Erth      0%         9d1       100%        6
 Summon Hydra             Summ           0%         N/A       100%        7
 Lehudib's Crystal Spear  Conj/Erth      0%         10d2      100%        8


Dungeon Overview and Level Annotations

Branches:
Dungeon (11/15) Zot: 26389  Temple (0/1) D:7            Lair (0/5) D:11
    Orc (0/2) D:10         Bailey (visited)

Altars:
Ashenzari
Cheibriados
Elyvilon
Hepliaklqana
Kikubaaqudgha
Makhleb
Nemelex Xobeh
Okawaru
Ru
Sif Muna
Trog
Uskayaw
Wu Jian
Zin
The Shining One

Shops:
D:2 (*

Annotations:
D:9 2 transporters, kalagan's ghost, novice DECj


Innate Abilities, Weirdness & Mutations

You are too large for most types of armour.
You have claws for hands.
Your natural rate of healing is unusually fast.
You are covered in fur. (AC +1)
You have tough skin. (AC +1)
Your flesh is cold resistant. (rC+)
You are robust. (+10% HP)
Your muscles are strong. (Str +4, Int/Dex -1)


Message History

There is an open door here.
You open the door.
There is an open door here.
You open the door.
There is an open door here.
You open the door.
Found a stone staircase leading down.
There is an open door here.
You open the door.
There is an open door here.
As you open the door, it creaks loudly!
There is an open door here.
You open the door.
There is an open door here.
You open the door.
A manticore and 2 killer bees come into view.
The killer bee buzzes angrily. x2; You hear an angry buzzing noise. x2
A killer bee comes into view.
The killer bee stings you.
The killer bee moves out of view.
The killer bee buzzes angrily.
A killer bee comes into view.
The killer bee buzzes angrily.
You claw the killer bee!
The killer bee is heavily wounded.
The killer bee stings you.
You are poisoned.
The killer bee poisons you!
A killer bee comes into view.
You completely miss the killer bee.
The killer bee is heavily wounded.
You feel sick. The killer bee closely misses you. x2
You scratch the killer bee but do no damage.
The killer bee is heavily wounded.
You feel sick.
The killer bee stings you but does no damage.
You claw the killer bee!
You kill the killer bee!
Makhleb accepts your kill.
You feel better.
You feel sick.
You closely miss the killer bee.
You feel sick.
You scratch the killer bee but do no damage.
You feel sick.
You mangle the killer bee!!
You kill the killer bee!
Makhleb accepts your kill.
You feel sick.
The killer bee stings you but does no damage.
Your Shapeshifting skill increases to level 3!
You miss the killer bee.
You feel sick. The killer bee closely misses you.
You completely miss the killer bee. The killer bee barely misses you.
You barely miss the manticore.
You feel sick.
You claw the manticore!
The manticore is moderately wounded.
You feel sick.
You mangle the manticore!!
The manticore is almost dead.
The manticore bites you but does no damage.
The manticore claws you. x2
You eviscerate the manticore!!!
You kill the manticore!
Makhleb accepts your kill.
You feel better.
You feel sick.
You are no longer poisoned.
You closely miss the killer bee. The killer bee closely misses you.
The killer bee stings you but does no damage.
You eviscerate the killer bee!!!
You kill the killer bee!
Makhleb accepts your kill.
You feel better.
You claw the killer bee!
The killer bee is heavily wounded.
The killer bee misses you. The killer bee stings you.
You are poisoned.
The killer bee poisons you!
You closely miss the killer bee.
The killer bee is heavily wounded.
You feel sick. The killer bee barely misses you.
You claw the killer bee!
You kill the killer bee!
Makhleb accepts your kill.
You feel better.
You feel sick.
You closely miss the killer bee.
The killer bee stings you but does no damage. x2
You claw the killer bee!
The killer bee is almost dead.
You feel sick. The killer bee stings you.
You scratch the killer bee.
You kill the killer bee!
Makhleb accepts your kill.
You feel better.
You feel sick.
No target in view!
No target in view!
No target in view!
No target in view!
No target in view!
You feel sick.
There is an open door, spattered with blood here.
Items here: ††††.
You feel sick.
Are you sure you want to abandon this character and quit the game? (Confirm with "yes".)

####.# #....
###+#####
##....
#.......#
........
#.......#
#.###....
#.......#
#....
#.......+
#....
#.......#
#....
#.@.....#
#....
##†######
##### #.# #.
#.# #.
#.#### #.
#....# #.
####'######
###.
#........###
#...
#........'.#
#...


There were no monsters in sight!

Vanquished Creatures
  4 two-headed ogres
  Urug (D:11)
  Nergalle (D:10)
  Sonja (D:11)
  2 soul eaters (D:9)
  2 sixfirhies (D:9)
  Maurice (D:9)
  A manticore (D:11)
  A smoke demon (D:9)
  An orange demon (D:9)
  A gargoyle (D:10)
  An unseen horror (D:10)
  An ice devil (D:9)
  4 trolls
  4 hellwings
  2 wyverns
  3 yaks (D:8)
  A water moccasin (D:6)
  3 acid dragons
  3 black bears
  2 sky beasts (D:7)
  9 orc warriors
  An ice beast (D:7)
  An ogre (D:5)
  A centaur (D:8)
  5 bullfrogs
  A kobold brigand (D:10)
  5 scorpions
  2 jellies
  7 wights
  20 killer bees
  5 howler monkeys
  A crimson imp (D:6)
  A bombardier beetle (D:5)
  4 quasits (D:9)
  5 orc priests
  2 gnoll boudas
  4 hounds
  3 iguanas
  Ijyb (D:4)
  Jessica (D:2)
  2 sleepcaps
  Natasha (thrice) (D:3)
  9 orc wizards
  20 gnolls
  9 adders
  A shadow imp (D:7)
  2 white imps (D:5)
  2 ufetubi (D:6)
  3 dart slugs
  3 ribbon worms
  22 orcs
  6 bats
  6 endoplasms
  6 giant cockroaches
  11 goblins
  8 hobgoblins
  4 jackals (D:3)
  10 quokkas
  6 ball pythons
  8 frilled lizards
  2 goblin skeletons (D:6)
  2 goblin zombies (D:6)
  5 hobgoblin zombies (D:6)
  21 kobolds
  3 kobold skeletons (D:6)
  2 kobold zombies (D:6)
  7 rats
302 creatures vanquished.

Vanquished Creatures (collateral kills)
  An orc warlord (Bailey)
  An orc warrior (Bailey)
  A hobgoblin (Bailey)
  2 kobolds (Bailey)
5 creatures vanquished.

Vanquished Creatures (others)
  A human (D:8)
1 creature vanquished.

Grand Total: 308 creatures vanquished

Notes
Turn   | Place    | Note
-------+----------+-------------------------------------------
     0 | D:1      | EnegeticOcto the Troll Monk began the quest for the Orb.
     0 | D:1      | Reached XP level 1. HP: 22/22 MP: 0/0
   182 | D:1      | Reached XP level 2. HP: 25/29 MP: 1/1
   674 | D:2      | Found Ateen's Assorted Antiques.
   689 | D:2      | Bought a yellow potion for 27 gold pieces
   707 | D:2      | Reached XP level 3. HP: 36/36 MP: 2/2
   877 | D:2      | Found Ikuut's Distillery.
   884 | D:2      | Reached skill level 1 in Armour
   888 | D:2      | Reached XP level 4. HP: 44/44 MP: 3/3
   896 | D:2      | Bought a potion of curing for 36 gold pieces
   922 | D:2      | Noticed Jessica
   928 | D:2      | Killed Jessica
   929 | D:2      | Reached skill level 4 in Unarmed Combat
   976 | D:2      | Reached skill level 3 in Fighting
  1142 | D:2      | Reached skill level 3 in Dodging
  1182 | D:2      | Found Muumystragg's Weapon Boutique.
  1353 | D:3      | Reached XP level 5. HP: 53/53 MP: 4/4
  1406 | D:3      | Noticed a black bear
  1413 | D:3      | Killed a black bear
  1499 | D:3      | Reached XP level 6. HP: 61/61 MP: 5/5
  1591 | D:3      | Found a burning altar of Makhleb.
  1597 | D:3      | Became a worshipper of Makhleb the Destroyer
  1597 | D:3      | Reached * piety under Makhleb
  1597 | D:3      | Reached ** piety under Makhleb
  1641 | D:3      | Reached skill level 2 in Armour
  1644 | D:3      | Reached skill level 5 in Unarmed Combat
  1708 | D:3      | Noticed Natasha
  1712 | D:3      | Killed Natasha
  1748 | D:3      | Noticed Natasha
  1754 | D:3      | Killed Natasha
  1800 | D:3      | Noticed Natasha
  1808 | D:3      | Killed Natasha
  1882 | D:3      | Found a faded altar of an unknown god.
  2080 | D:2      | Bought a fuming brown potion for 27 gold pieces
  2127 | D:2      | Bought a potion of degeneration for 12 gold pieces
  2207 | D:4      | Noticed Ijyb
  2209 | D:4      | Reached XP level 7. HP: 68/68 MP: 6/6
  2237 | D:4      | Killed Ijyb
  2238 | D:4      | Reached skill level 1 in Invocations
  2368 | D:4      | Found a white marble altar of Elyvilon.
  2506 | D:4      | Found a hazy altar of Hepliaklqana.
  2842 | D:4      | Found a sacrificial altar of Ru.
  3065 | D:5      | Entered Level 5 of the Dungeon
  3093 | D:5      | Reached skill level 4 in Fighting
  3093 | D:5      | Reached skill level 6 in Unarmed Combat
  3095 | D:5      | Reached *** piety under Makhleb
  3188 | D:5      | Reached skill level 4 in Dodging
  3328 | D:5      | Reached skill level 3 in Armour
  3328 | D:5      | Reached skill level 2 in Invocations
  3328 | D:5      | Reached XP level 8. HP: 78/78 MP: 8/8
  3402 | D:5      | Found a shimmering blue altar of Sif Muna.
  3438 | D:5      | Got Sif Muna's Cyclopedia of the Voyage
  3443 | D:5      | Found a bloodstained altar of Trog.
  3642 | D:5      | Found an iron altar of Okawaru.
  3908 | D:5      | Gained mutation: You are weak. (Str -2) [potion of
                  | mutation]
  3908 | D:5      | Gained mutation: Armour fits poorly on your strangely
                  | shaped body. [potion of mutation]
  3908 | D:5      | Gained mutation: You have a pair of small antennae on your
                  | head. [potion of mutation]
  3909 | D:5      | Lost mutation: You are weak. (Str -2) [potion of mutation]
  3909 | D:5      | Lost mutation: You have a pair of small antennae on your
                  | head. [potion of mutation]
  3909 | D:5      | Lost mutation: Armour fits poorly on your strangely shaped
                  | body. [potion of mutation]
  3909 | D:5      | Gained mutation: You are frail. (-10% HP) [potion of
                  | mutation]
  3909 | D:5      | Gained mutation: You are very frail. (-20% HP) [potion of
                  | mutation]
  3909 | D:5      | Gained mutation: You occasionally lose the ability to read
                  | scrolls when taking damage. [potion of mutation]
  4016 | D:5      | Found a sparkling altar of Nemelex Xobeh.
  4178 | D:2      | Bought a potion of mutation for 96 gold pieces
  4178 | D:2      | Bought a potion of lignification for 36 gold pieces
  4178 | D:2      | Lost mutation: You occasionally lose the ability to read
                  | scrolls when taking damage. [potion of mutation]
  4178 | D:2      | Lost mutation: You are very frail. (-20% HP) [potion of
                  | mutation]
  4178 | D:2      | Lost mutation: You are frail. (-10% HP) [potion of
                  | mutation]
  4178 | D:2      | Gained mutation: Your flesh is cold resistant. (rC+)
                  | [potion of mutation]
  4178 | D:2      | Gained mutation: You are robust. (+10% HP) [potion of
                  | mutation]
  4178 | D:2      | Gained mutation: Your muscles are strong. (Str +4, Int/Dex
                  | -1) [potion of mutation]
  4481 | D:6      | Reached skill level 7 in Unarmed Combat
  4496 | D:6      | Identified the +7 trident of Awkwardness {flame, Int+5}
  4554 | D:6      | Found an ornate altar of the Wu Jian Council.
  4627 | D:6      | Found a snail-covered altar of Cheibriados.
  4678 | D:6      | Reached skill level 3 in Invocations
  4713 | D:6      | Reached **** piety under Makhleb
  4790 | D:6      | Noticed a +0 dagger
  4791 | D:6      | Noticed a +0 spear
  4791 | D:6      | Noticed a +0 falchion
  4792 | D:6      | Noticed a +0 spear
  4792 | D:6      | Noticed a +0 short sword
  4792 | D:6      | Noticed a +0 falchion
  4792 | D:6      | Noticed a +0 short sword
  4793 | D:6      | Noticed a +0 dagger
  4880 | D:6      | Reached XP level 9. HP: 95/95 MP: 10/10
  4970 | D:6      | Found a hide-covered altar of Uskayaw.
  5034 | D:6      | Found a glowing golden altar of the Shining One.
  5105 | D:6      | Reached skill level 4 in Armour
  5411 | D:7      | Found a flagged portal.
  5414 | D:7      | Reached skill level 5 in Fighting
  5427 | Bailey   | Entered a bailey
  5432 | Bailey   | Noticed an orc warlord
  5470 | Bailey   | Reached skill level 8 in Unarmed Combat
  5486 | Bailey   | Found a runed translucent gate.
  5486 | Bailey   | Found a runed translucent gate.
  5487 | Bailey   | Found a runed translucent gate.
  5493 | Bailey   | Reached skill level 5 in Dodging
  5516 | Bailey   | Reached skill level 13 in Unarmed Combat
  5516 | Bailey   | Reached XP level 10. HP: 105/105 MP: 11/11
  5533 | Bailey   | Reached ***** piety under Makhleb
  5682 | Bailey   | Killed an orc warlord
  5689 | Bailey   | Reached skill level 9 in Fighting
  5689 | Bailey   | Reached XP level 11. HP: 126/126 MP: 12/12
  5690 | Bailey   | Identified the +0 robe of the Worm {Harm Dex+3}
  5741 | D:7      | Reached skill level 4 in Invocations
  6263 | D:7      | Found a staircase to the Ecumenical Temple.
  6416 | D:8      | Noticed a two-headed ogre
  6422 | D:8      | Killed a two-headed ogre
  6657 | D:8      | Reached skill level 14 in Unarmed Combat
  6759 | D:8      | Found an ancient bone altar of Kikubaaqudgha.
  6849 | D:8      | Noticed a two-headed ogre
  6859 | D:8      | Killed a two-headed ogre
  7157 | D:8      | Reached XP level 12. HP: 88/135 MP: 14/14
  7208 | D:9      | Reached skill level 5 in Armour
  7351 | D:9      | Noticed Maurice
  7443 | D:9      | Killed Maurice
  7468 | D:9      | Found a transporter.
  7468 | D:9      | Found a transporter.
  7468 | D:9      | Noticed a two-headed ogre
  7470 | D:9      | Noticed kalagan's ghost (novice DECj)
  7474 | D:9      | Found a bloodstained altar of Trog.
  7484 | D:9      | Noticed a two-headed ogre
  7495 | D:9      | Noticed a tengu warrior
  7589 | D:9      | Reached skill level 5 in Invocations
  7654 | D:9      | Reached skill level 6 in Dodging
  8153 | D:9      | Identified a scroll of acquirement
  8153 | D:9      | Acquired 1164 gold pieces
  8326 | D:2      | Bought a potion of haste for 120 gold pieces
  8326 | D:2      | Bought 2 potions of berserk rage for 120 gold pieces
  8326 | D:2      | Bought a potion of heal wounds for 60 gold pieces
  8326 | D:2      | Bought a potion of heal wounds for 60 gold pieces
  8326 | D:2      | Bought a potion of curing for 36 gold pieces
  8326 | D:2      | Bought a potion of curing for 36 gold pieces
  8371 | D:2      | Bought a scroll of blinking for 225 gold pieces
  8371 | D:2      | Bought a scroll of silence for 285 gold pieces
  8371 | D:2      | Bought an encrusted copper wand for 120 gold pieces
  8524 | D:10     | Entered Level 10 of the Dungeon
  8547 | D:10     | Found a staircase to the Orcish Mines.
  8548 | D:10     | Acquired the +3 acid dragon scales of Spaghetti {*Slow
                  | rElec rF+ Will+ rCorr}
  8568 | D:10     | Noticed a two-headed ogre
  8575 | D:10     | Killed a two-headed ogre
  8993 | D:10     | Noticed Nergalle
  8999 | D:10     | Killed Nergalle
  9000 | D:10     | Reached skill level 15 in Unarmed Combat
  9025 | D:10     | Found a glowing silver altar of Zin.
  9025 | D:10     | Noticed an angel
  9073 | D:11     | Noticed a two-headed ogre
  9077 | D:11     | Killed a two-headed ogre
  9100 | D:11     | Noticed Sonja
  9104 | D:11     | Killed Sonja
  9105 | D:11     | Reached skill level 1 in Shapeshifting
  9305 | D:11     | Found a staircase to the Lair.
  9338 | D:11     | Found a broken altar of Ashenzari.
  9347 | D:11     | Reached skill level 2 in Shapeshifting
  9493 | D:11     | Noticed Urug
  9508 | D:11     | Killed Urug
  9680 | D:11     | Reached ****** piety under Makhleb
  9681 | D:11     | Reached skill level 3 in Shapeshifting
  9697 | D:11     | Quit the game

Illustrated notes

Levels and vault maps discovered:
D:1:      ncdulo_smallfort, layout_loops_ring
D:2:      layout_loops_ring, serial_shops, shop, nicolae_shop_back_alley_shop,
          shop, minmay_indecisive_spiral, uniq_jessica
D:3:      layout_basic, lightli_temple_of_fire, chequers_ecumenical_altar_lobes,
          uniq_natasha
D:4:      layout_basic, mainiacjoe_overflow_paths, nzn_hepliaklqana_mist_gate,
          elyvilon_altar_1, uniq_ijyb
D:5:      layout_basic, nzn_overflow_gifts_of_might_and_magic,
          mainiacjoe_overflow_surrounded_room, nemelex_dance_club_becter,
          kennysheep_generic_room_16
D:6:      layout_gridville, lemuel_round_altar, nicolae_tso_besieged_by_evil,
          nicolae_wu_jian_wuxing_cycle, nicolae_uskayaw_en_pointe,
          nicolae_elevator_lobby_plus
D:7:      layout_loops_cross, minmay_temple_entry_nine_rooms, enter_bailey_3
D:8:      layout_rooms, tgw_kikubaaqudgha, hangedman_abyss_or_decor_passed,
          nicolae_hexahallways
D:9:      minmay_goldmine, layout_cave_pools, gammafunk_ghost_wrathful_warriors,
          serial_demonic, serial_demonic_b, serial_demonic_d, serial_demonic_a,
          serial_demonic_g, serial_demonic_b, serial_demonic_e,
          serial_demonic_g, serial_demonic_e, uniq_maurice
D:10:     layout_roguey, zin_angel, orc_0_dummy, uniq_nergalle
D:11:     layout_roguey, lair_entry_dummy, serial_bayou_pond_d,
          minmay_misc_feat_rugged, cheibrodos_ashenzari_chains, uniq_urug,
          uniq_sonja

Skill      XL: |  1  2  3  4  5  6  7  8  9 10 11 12 |
---------------+-------------------------------------+-----
Armour         | 1 2 3 4 5 |  5.9
Unarmed Combat | 4 5 6 7 13 14 15 | 15.0
Fighting       | 3 4 5 9 |  9.8
Dodging        | 3 4 5 6 |  6.3
Invocations    | 2 3 4 5 |  5.6
Shapeshifting  | 3 |  3.3

Action                     |  1- 3 |  4- 6 |  7- 9 | 10-12 || total
---------------------------+-------+-------+-------+-------++-------
  Melee: Unarmed           |    76 |   115 |   244 |   335 ||   770
 Invoke: Minor Destruction |       |       |    10 |     6 ||    16
         Lesser Servant of |       |       |     1 |     2 ||     3
         Major Destruction |       |       |       |     2 ||     2
  Evoke: Wand              |       |       |       |     4 ||     4
    Use: Scroll            |     3 |     5 |     7 |     3 ||    18
         Potion            |       |       |     4 |     2 ||     6
   Stab: Sleeping          |       |     1 |       |       ||     1
         Distracted        |       |       |     1 |       ||     1
 Armour: Robe              |    29 |    56 |   118 |   231 ||   434
         Acid dragon scale |       |       |       |    76 ||    76
  Dodge: Dodged            |    36 |    56 |   120 |   284 ||   496

Table legend:
 A = Kills in this place as a percentage of kills in the entire game.
 B = Kills by you in this place as a percentage of kills by you in the entire game.
 C = Kills by friends in this place as a percentage of kills by friends in the entire game.
 D = Other kills in this place as a percentage of other kills in the entire game.
 E = Experience gained in this place as a percentage of experience gained in the entire game.
 F = Experience gained in this place divided by the number of levels of this place that you have seen.
                   A       B       C       D       E      F
               +-------+-------+-------+-------+-------+----------------------
         Total | 100.0 | 100.0 | 100.0 |   N/A | 100.0 | 2035.8
       Dungeon |  93.8 |  95.4 |   0.0 |   N/A |  93.2 | 2070.6
        Bailey |   6.2 |   4.6 | 100.0 |   N/A |   6.8 | 1653.0
               +-------+-------+-------+-------+-------+----------------------

Table legend: (Time is in decaauts)
 A = Elapsed time spent in this place.
 B = Non-inter-level travel time spent in this place.
 C = Inter-level travel time spent in this place.
 D = Time resting spent in this place.
 E = Time spent auto-exploring this place.
 F = Levels seen in this place.
 G = Mean time per level.
                   A        B        C        D        E       F      G
               +--------+--------+--------+--------+--------+-----+--------+
         Total |   9560 |   8547 |   1013 |    119 |   6833 |  12 |  796.7 |
       Dungeon |   9290 |   8277 |   1013 |    119 |   6696 |  11 |  844.5 |
        Bailey |    270 |    270 |      0 |      0 |    137 |   1 |  270.0 |
               +--------+--------+--------+--------+--------+-----+--------+

Top non-repeatable levels by time:
     D:5: 1263 daAuts
     D:2: 995 daAuts
     D:4: 982 daAuts
     D:8: 954 daAuts
     D:6: 952 daAuts
     D:3: 835 daAuts
     D:9: 818 daAuts
     D:7: 683 daAuts
     D:1: 663 daAuts
    D:11: 610 daAuts
    D:10: 529 daAuts
  Bailey: 270 daAuts
